 Dungeon Crawl Stone Soup version 0.21.1-1-g345015fe64 (webtiles) character file.

69 Fuxmar the Skirmisher (level 4, 0/32 HPs)
             Began as an Octopode Fighter on Mar 19, 2018.
             Slain by an adder (4 damage)
             ... on level 2 of the Dungeon.
             The game lasted 00:03:16 (1020 turns).

Fuxmar the Skirmisher (Octopode Fighter)            Turns: 1020, Time: 00:03:17

Health: 0/32       AC:  1    Str: 15    XL:     4   Next: 20%
Magic:  4/4        EV: 12    Int: 10    God:
Gold:   77         SH:  8    Dex: 12    Spells: 3/3 levels left

rFire    . . .     SeeInvis .   a - +0 rapier
rCold    . . .     Gourm    .   b - +0 shield
rNeg     . . .     Faith    .   (helmet restricted)
rPois    .         Spirit   .   (no amulet)
rElec    .         Reflect  .   (no ring)
rCorr    .         Harm     .   (no ring)
MR       .....                  (no ring)
Stlth    +++.......             (no ring)
HPRegen  0.10/turn              (no ring)
MPRegen  0.09/turn              (no ring)
                                (no ring)
                                (no ring)

@: no status effects
A: almost no armour, stealthy swim, amphibious, 8 rings, constrict 8, camouflage
1, gelatinous body 1
a: no special abilities


You were on level 2 of the Dungeon.
You were not hungry.

You visited 1 branch of the dungeon, and saw 2 of its levels.

You collected 77 gold pieces.

Inventory:

Hand Weapons
 a - a +0 rapier (weapon)
Missiles
 e - 10 stones (quivered)
Armour
 b - a +0 shield (worn)
Scrolls
 f - a scroll of enchant armour {unknown}
 g - a scroll of remove curse {unknown}
 i - a scroll of identify {unknown}
 k - a scroll of noise {unknown}
Potions
 c - a potion of might
 h - a potion of resistance {unknown}
 j - 3 potions of curing {unknown}
 l - a potion of flight {unknown}
Comestibles
 d - 2 rations
 m - 2 chunks of flesh


   Skills:
 + Level 3.6 Fighting
 + Level 2.5 Short Blades
 + Level 3.5 Dodging
 + Level 1.5 Stealth
 + Level 3.3 Shields


You had 3 spell levels left.
You didn't know any spells.

Dungeon Overview and Level Annotations

Branches:
Dungeon (2/15)

Altars:

Annotations:
D:2 Natasha


Innate Abilities, Weirdness & Mutations

You cannot wear most types of armour.
You are very stealthy in the water. (Stealth+)
You are amphibious.
You can wear up to eight rings at the same time.
You can use your tentacles to constrict eight enemies at once.
Your skin changes colour to match your surroundings (Stealth+).
Your rubbery body absorbs attacks. (AC +1, EV +1)


Message History

An adder comes into view.
You puncture the bat!
You kill the bat!
The gnoll hits you from afar with a spear.
* * * LOW HITPOINT WARNING * * *
Natasha, Servant of Life and Death comes into view.
The gnoll throws a stone.
The stone completely misses you.
You see here a spear.
You closely miss the gnoll.
Natasha hisses angrily.
Your grab misses the gnoll. You squeeze the gnoll.
The gnoll is heavily wounded.
You block the gnoll's attack.
The gnoll throws a stone.
The stone barely misses you.
You hit the gnoll. You grab the gnoll. You squeeze the gnoll.
The gnoll is almost dead.
You constrict the gnoll.
You kill the gnoll!
The adder bites you.
You die... ............. ........... ......... ... ....... ## .......... #. .. #... hg.

##. ..#####.###S## ## .# #..
#.........#@)####.. #.###..
#.......#...........##.##...
#..................##....<..
#.......#.........###..##..†
#...%...#.........##...#####
#..........(.......#..#
#.......#............# ##
#.......#.........##.# #.
#.>.....#.........##.# #.


You could see Natasha, a gnoll and an adder.

Vanquished Creatures
  2 gnolls (D:2)
  A worm (D:2)
  A dart slug (D:1)
  2 leopard geckos
  6 bats
  7 goblins
  7 hobgoblins (D:1)
  4 jackals (D:1)
  3 kobolds (D:1)
  A frilled lizard (D:1)
  6 rats
40 creatures vanquished.

Notes
Turn   | Place    | Note
-------+----------+-------------------------------------------
     0 | D:1      | Fuxmar the Octopode Fighter began the quest for the Orb.
     0 | D:1      | Reached XP level 1. HP: 16/16 MP: 1/1
    49 | D:1      | Reached XP level 2. HP: 15/21 MP: 2/2
   294 | D:1      | Reached XP level 3. HP: 26/26 MP: 3/3
   981 | D:2      | Reached skill level 1 in Stealth
  1015 | D:2      | Reached XP level 4. HP: 5/32 MP: 4/4
  1018 | D:2      | Noticed Natasha
  1020 | D:2      | Slain by an adder

Skill      XL: |  1  2  3 |
---------------+----------+-----
Stealth        | 1 |  1.5
Fighting       | |  3.6
Short Blades   | |  2.5
Dodging        | |  3.5
Shields        | |  3.3

Action                   |  1- 3 |  4- 6 || total
-------------------------+-------+-------++-------
Melee: Rapier            |    73 |     4 ||    77
       Constrict         |    23 |     1 ||    24
       Tentacles         |    10 |     2 ||    12
 Stab: Sleeping          |     4 |       ||     4
       Distracted        |     1 |       ||     1
Armor: Skin              |     3 |     1 ||     4
Dodge: Dodged            |    23 |     2 ||    25
Block: Shield            |    18 |     1 ||    19
